 Dungeon Sprint DCSS version 0.17-a0-1311-gbcbd859 (webtiles) character file.

6400000 Kidiri the Ninja (level 27, -54/323 HPs)
             Began as an Ogre Assassin on June 8, 2015.
             Was the Champion of Makhleb.
             Annihilated by a meat berserker
             ... wielding a +9 battleaxe
              (71 damage)
             ... in the Dungeon (Sprint VIII: "Arena of Blood").
             The game lasted 00:04:08 (64 turns).

Kidiri the Ninja (Ogre Assassin)                      Turns: 64, Time: 00:04:08

Health: -54/323    AC:  7    Str: 24    XL:     27
Magic:  29/54      EV: 32    Int: 10    God:    Makhleb [******]
Gold:   0          SH:  0    Dex: 20    Spells: 0 memorised, 80 levels left

rFire  . . .     SeeInvis .     n - +∞ Axe of Woe
rCold  . . .     Clarity  .     c - +0 robe
rNeg   . . .     SustAt   .     (no shield)
rPois  .         Gourm    .     (helmet restricted)
rElec  .         Spirit   .     d - +0 cloak
rCorr  .         Warding  .     (gloves unavailable)
rMut   .         NoTele   +     (boots unavailable)
MR     ++...                    (no amulet)
Stlth  +++++++...               (no ring)
                                (no ring)

@: very resistant to hostile enchantments, extremely stealthy
A: unfitting armour, tough skin 1
a: Minor Destruction, Lesser Servant of Makhleb, Major Destruction, Greater
Servant of Makhleb, Renounce Religion


You were in the Dungeon.
You worshipped Makhleb.
Makhleb was exalted by your worship.
You were not hungry.

You visited 1 branch

Inventory:

Hand weapons
 a - a +2 dagger
 b - a +0 blowgun
 n - the +∞ Axe of Woe (weapon)
   (You found it in the Dungeon)
Missiles
 e - 8 poisoned needles
 f - 2 curare-tipped needles
Armour
 c - a +0 robe (worn)
 d - a +0 cloak (worn)
Scrolls
 m - a scroll of blinking
Potions
 h - a potion of curing
 i - a potion of heal wounds
 j - a potion of haste
 k - 2 potions of magic
 l - a potion of berserk rage
Comestibles
 g - a bread ration


   Skills:
 O Level 27 Fighting
 O Level 27 Short Blades
 O Level 27 Axes
 O Level 27 Throwing
 O Level 27 Armour
 O Level 27 Dodging
 O Level 27 Stealth
 O Level 27 Unarmed Combat
 O Level 27 Spellcasting
 O Level 27 Invocations


You had 80 spell levels left.
You didn't know any spells.

Dungeon Overview and Level Annotations

Branches:
Dungeon (1/1)

Altars:
Makhleb


Innate Abilities, Weirdness & Mutations

You are too large for most types of armour.
You have tough skin (AC +1).


Message History

A bag of meat comes into view. It is wielding a +9 war axe.
You hear a shout!
The meat berserker completely misses you.
The bag of meat is engulfed in roaring flames.
The destroyer is engulfed in roaring flames.
The destroyer hits you with a +9 great sword of slicing!!!!!
Ouch! That really hurt!
* * * LOW HITPOINT WARNING * * *
x2 The destroyer bites you but does no damage.
You hear a shout! x5
The dread appears out of thin air!
A dread comes into view.
The bag of meat is engulfed in roaring flames.
You hear a shout!
The bag of meat is engulfed in roaring flames. x2
You hear a shout!
The bag of meat is engulfed in roaring flames.
The meat berserker is engulfed in roaring flames.
The meat berserker hits you with a +9 battleaxe!!!
You die...

....... oo .....
.o #.... ..# ..
#... ..#
..O###%.. ..###o
.%.%..§.###%W..O.
#.....2))_%%%D...
.....#O§V).#....
... #o@§O_# .
....§#oO§o§#...


#xxooooo§§oM.o... ..COo§o)###§.%... ...###.%. .%###. .. #... .O# #...% .%# .....
.. ....... %. You could see an accursed, a meat beast (wandering), an
eight-headed meat hydra, a destroyer, a dread (wandering), 7 meat berserkers and
10 bags of meat.

Vanquished Creatures
  A wraith (D)
  9 vampire knights (D)
  16 ogres (D)
  2 liches (D)
  2 hydras (D)
  36 orcs (D)
  7 hill giants (D)
  4 skeletal warriors (D)
  5 large abominations (D)
  2 small abominations (D)
  3 crawling corpses (D)
87 creatures vanquished.

Vanquished Creatures (others)
  3 crawling corpses (D)
3 creatures vanquished.

Grand Total: 90 creatures vanquished

Notes
Turn   | Place    | Note
--------------------------------------------------------------
     0 | D        | Kidiri the Ogre Assassin began the quest for the Orb.
     0 | D        | Reached XP level 1. HP: 22/22 MP: 1/1
     3 | D        | Noticed a bag of meat
     4 | D        | Noticed a bag of meat
     4 | D        | Became a worshipper of Makhleb the Destroyer
     5 | D        | Noticed a bag of meat
     5 | D        | Noticed a meat berserker
     5 | D        | Noticed a bag of meat
     6 | D        | Noticed a bag of meat
     9 | D        | Killed a meat berserker
     9 | D        | Reached skill level 14 in Fighting
     9 | D        | Reached skill level 23 in Stealth
     9 | D        | Reached XP level 2. HP: 26/54 MP: 2/2
     9 | D        | Reached XP level 3. HP: 29/62 MP: 3/3
     9 | D        | Reached XP level 4. HP: 33/71 MP: 4/4
     9 | D        | Reached XP level 5. HP: 36/79 MP: 5/5
     9 | D        | Reached XP level 6. HP: 40/88 MP: 6/6
     9 | D        | Reached XP level 7. HP: 43/96 MP: 7/7
     9 | D        | Reached XP level 8. HP: 47/105 MP: 8/8
     9 | D        | Reached XP level 9. HP: 50/113 MP: 9/9
     9 | D        | Reached XP level 10. HP: 53/122 MP: 10/10
     9 | D        | Reached XP level 11. HP: 56/130 MP: 11/11
     9 | D        | Reached XP level 12. HP: 59/139 MP: 12/12
     9 | D        | Reached XP level 13. HP: 61/146 MP: 13/13
    10 | D        | Noticed a bag of meat
    10 | D        | Killed a bag of meat
    10 | D        | Acquired Makhleb's first power
    10 | D        | Reached skill level 15 in Fighting
    10 | D        | Reached skill level 25 in Stealth
    10 | D        | Reached XP level 14. HP: 44/159 MP: 14/14
    10 | D        | Killed a bag of meat
    10 | D        | Reached skill level 5 in Dodging
    10 | D        | Reached skill level 27 in Stealth
    10 | D        | Killed a bag of meat
    10 | D        | Acquired Makhleb's second power
    10 | D        | Reached skill level 10 in Short Blades
    10 | D        | Reached skill level 5 in Axes
    10 | D        | Reached skill level 15 in Throwing
    10 | D        | Reached XP level 15. HP: 46/180 MP: 15/15
    11 | D        | Killed a bag of meat
    11 | D        | Killed a bag of meat
    11 | D        | Acquired Makhleb's third power
    11 | D        | Reached XP level 16. HP: 110/202 MP: 16/16
    13 | D        | Noticed a bag of meat
    14 | D        | Noticed a bag of meat
    15 | D        | Noticed a bag of meat
    16 | D        | Killed a bag of meat
    16 | D        | Reached skill level 10 in Dodging
    17 | D        | Noticed a bag of meat
    17 | D        | Noticed a meat berserker
    19 | D        | Noticed a bag of meat
    19 | D        | Killed a bag of meat
    20 | D        | Noticed a bag of meat
    20 | D        | Noticed a bag of meat
    20 | D        | Noticed a bag of meat
    21 | D        | Noticed a meat berserker
    21 | D        | Noticed a bag of meat
    23 | D        | Noticed a meat berserker
    23 | D        | Noticed a meat berserker
    23 | D        | Noticed a bag of meat
    24 | D        | Noticed a bag of meat
    24 | D        | Killed a meat berserker
    24 | D        | Acquired Makhleb's fourth power
    24 | D        | Reached skill level 27 in Fighting
    24 | D        | Reached XP level 17. HP: 219/226 MP: 17/26
    25 | D        | Noticed a destroyer
    25 | D        | Killed a bag of meat
    25 | D        | Reached skill level 15 in Short Blades
    26 | D        | Noticed a bag of meat
    26 | D        | Noticed a meat berserker
    26 | D        | Killed a meat berserker
    26 | D        | Reached XP level 18. HP: 160/236 MP: 18/30
    26 | D        | Killed a bag of meat
    26 | D        | Acquired Makhleb's fifth power
    27 | D        | Noticed a bag of meat
    27 | D        | Noticed a bag of meat
    27 | D        | Noticed a bag of meat
    27 | D        | Noticed a bag of meat
    27 | D        | Noticed an eight-headed meat hydra
    28 | D        | Noticed an eight-headed meat hydra
    28 | D        | Killed a destroyer
    28 | D        | Reached XP level 19. HP: 211/245 MP: 18/33
    28 | D        | Killed a bag of meat
    28 | D        | Killed a bag of meat
    29 | D        | Noticed a large bag of meat
    29 | D        | Noticed a bag of meat
    29 | D        | Noticed a bag of meat
    29 | D        | Killed a nine-headed meat hydra
    29 | D        | Reached skill level 27 in Throwing
    29 | D        | Reached skill level 27 in Dodging
    29 | D        | Reached XP level 20. HP: 203/256 MP: 19/36
    29 | D        | Killed a meat berserker
    29 | D        | Reached skill level 27 in Invocations
    29 | D        | Killed a bag of meat
    30 | D        | Noticed a bag of meat
    30 | D        | Killed a bag of meat
    31 | D        | Noticed a bag of meat
    31 | D        | Noticed a meat berserker
    31 | D        | Killed a bag of meat
    31 | D        | Reached skill level 5 in Unarmed Combat
    31 | D        | Reached XP level 21. HP: 265/265 MP: 20/38
    32 | D        | Noticed a bag of meat
    32 | D        | Killed a bag of meat
    32 | D        | Killed a bag of meat
    32 | D        | Reached skill level 10 in Spellcasting
    32 | D        | Killed a bag of meat
    32 | D        | Reached skill level 10 in Unarmed Combat
    32 | D        | Noticed a destroyer
    33 | D        | Noticed a sculptor of flesh
    33 | D        | Noticed a large bag of meat
    33 | D        | Killed a meat berserker
    33 | D        | Reached skill level 15 in Armour
    33 | D        | Reached XP level 22. HP: 275/275 MP: 20/40
    33 | D        | Killed a bag of meat
    33 | D        | Reached skill level 15 in Spellcasting
    34 | D        | Noticed a bag of meat
    34 | D        | Killed a large bag of meat
    34 | D        | Killed a destroyer
    34 | D        | Reached skill level 15 in Unarmed Combat
    35 | D        | Noticed a bag of meat
    35 | D        | Noticed a bag of meat
    35 | D        | Noticed a meat berserker
    35 | D        | Noticed a bag of meat
    35 | D        | Noticed a bag of meat
    35 | D        | Noticed a large bag of meat
    36 | D        | Noticed a bag of meat
    36 | D        | Noticed a destroyer
    36 | D        | Killed a bag of meat
    36 | D        | Reached skill level 27 in Short Blades
    36 | D        | Killed a bag of meat
    36 | D        | Reached XP level 23. HP: 284/284 MP: 21/46
    37 | D        | Noticed a bag of meat
    37 | D        | Noticed a meat berserker
    37 | D        | Noticed a bag of meat
    37 | D        | Killed a bag of meat
    37 | D        | Killed a meat berserker
    37 | D        | Killed a bag of meat
    38 | D        | Noticed a bag of meat
    38 | D        | Killed a meat berserker
    38 | D        | Killed a large bag of meat
    38 | D        | Reached XP level 24. HP: 295/295 MP: 22/50
    38 | D        | Killed a bag of meat
    39 | D        | Noticed a sculptor of flesh
    39 | D        | Noticed a destroyer
    39 | D        | Noticed a bag of meat
    39 | D        | Noticed a bag of meat
    40 | D        | Noticed a bag of meat
    40 | D        | Noticed a destroyer
    40 | D        | Noticed a meat berserker
    40 | D        | Killed a meat berserker
    40 | D        | Killed a bag of meat
    40 | D        | Reached skill level 27 in Armour
    40 | D        | Killed a sculptor of flesh
    41 | D        | Noticed a large bag of meat
    42 | D        | Killed a bag of meat
    42 | D        | Reached skill level 27 in Axes
    42 | D        | Killed a destroyer
    42 | D        | Reached skill level 27 in Unarmed Combat
    42 | D        | Reached skill level 27 in Spellcasting
    42 | D        | Reached XP level 25. HP: 304/304 MP: 23/54
    42 | D        | Killed a nine-headed meat hydra
    42 | D        | Killed a bag of meat
    43 | D        | Killed a large bag of meat
    44 | D        | Noticed a meat berserker
    44 | D        | Noticed a meat berserker
    44 | D        | Killed a destroyer
    45 | D        | Killed a bag of meat
    45 | D        | Killed a meat berserker
    46 | D        | Noticed a meat berserker
    47 | D        | Noticed a meat berserker
    47 | D        | Noticed a destroyer
    47 | D        | Noticed a destroyer
    47 | D        | Killed a bag of meat
    47 | D        | Killed a bag of meat
    47 | D        | Reached XP level 26. HP: 314/314 MP: 25/54
    47 | D        | Noticed a large bag of meat
    48 | D        | Noticed a sculptor of flesh
    48 | D        | Noticed a tyrant
    48 | D        | Noticed an eight-headed meat hydra
    48 | D        | Killed a meat berserker
    48 | D        | Killed a bag of meat
    49 | D        | Killed a meat berserker
    50 | D        | Noticed a bag of meat
    50 | D        | Noticed a large bag of meat
    50 | D        | Killed a bag of meat
    50 | D        | Killed a destroyer
    51 | D        | Noticed a tyrant
    51 | D        | Noticed a meat berserker
    51 | D        | Killed a meat berserker
    51 | D        | Reached XP level 27. HP: 323/323 MP: 25/54
    52 | D        | Noticed a meat berserker
    52 | D        | Killed a meat berserker
    52 | D        | Killed a destroyer
    53 | D        | Noticed a bag of meat
    53 | D        | Killed a meat berserker
    54 | D        | Noticed a sculptor of flesh
    54 | D        | Noticed a bag of meat
    54 | D        | Killed a large bag of meat
    54 | D        | Killed a sculptor of flesh
    55 | D        | Killed a destroyer
    56 | D        | Noticed a dread
    56 | D        | Noticed a large bag of meat
    56 | D        | Noticed a bag of meat
    56 | D        | Noticed a bag of meat
    56 | D        | Noticed a bag of meat
    56 | D        | Noticed a destroyer
    56 | D        | Noticed a bag of meat
    57 | D        | Noticed a meat berserker
    57 | D        | Noticed a meat berserker
    57 | D        | Noticed a bag of meat
    57 | D        | Noticed a meat berserker
    57 | D        | Noticed a destroyer
    57 | D        | Killed a meat berserker
    57 | D        | Killed a tyrant
    57 | D        | Killed a sculptor of flesh
    58 | D        | Noticed an accursed
    58 | D        | Noticed a large bag of meat
    58 | D        | Killed a bag of meat
    58 | D        | Killed a large bag of meat
    59 | D        | Noticed a bag of meat
    59 | D        | Noticed a bag of meat
    59 | D        | Noticed a bag of meat
    59 | D        | Noticed a bag of meat
    59 | D        | Noticed a destroyer
    59 | D        | Noticed a destroyer
    60 | D        | Noticed a meat berserker
    60 | D        | Killed a bag of meat
    60 | D        | Killed a large bag of meat
    60 | D        | Killed a tyrant
    60 | D        | Killed a sculptor of flesh
    61 | D        | Noticed a bag of meat
    62 | D        | Noticed a meat berserker
    62 | D        | Noticed a meat berserker
    62 | D        | Killed a bag of meat
    62 | D        | Killed a dread
    62 | D        | Killed a bag of meat
    62 | D        | Killed a destroyer
    62 | D        | Killed a destroyer
    62 | D        | Killed a meat berserker
    63 | D        | Noticed a meat berserker
    63 | D        | Killed a bag of meat
    63 | D        | Killed a large bag of meat
    64 | D        | Noticed a bag of meat
    64 | D        | Annihilated by a meat berserker

Vault maps used:
D:        meatsprint

Action                   |  1- 3 |  4- 6 |  7- 9 | 10-12 | 13-15 | 16-18 | 19-21 | 22-24 | 25-27 || total
-------------------------+-------+-------+-------+-------+-------+-------+-------+-------+-------++-------
Melee: Executioner's axe |     1 |       |       |       |     2 |     6 |     5 |     6 |    17 ||    37
Invok: Major Destruction |       |       |       |       |       |       |       |     1 |       ||     1
